 Dungeon Crawl Stone Soup version 0.28-a0-724-g66f9036eb4 (webtiles) character file.

Game seed: 12318540182202334983

1222 KoroneIsBestGirl the Ogre Mage (level 8, -1/78 HPs)
             Began as an Ogre Fire Elementalist on Oct 26, 2021.
             Was an Initiate of Gozag.
             Slain by a wyvern zombie (11 damage)
             ... on level 6 of the Dungeon.
             The game lasted 00:09:34 (8043 turns).

KoroneIsBestGirl the Ogre Mage (OgFE)               Turns: 8043, Time: 00:09:35

Health: -1/78      AC:  3    Str: 13    XL:     8   Next: 47%
Magic:  2/16       EV: 10    Int: 30    God:    Gozag
Gold:   572        SH:  0    Dex:  9    Spells: 12/18 levels left

rFire   . . .      SeeInvis .   c - +0 club
rCold   . . .      Faith    .   (no shield)
rNeg    . . .      Spirit   .   a - +0 robe
rPois   .          Reflect  .   (helmet restricted)
rElec   .          Harm     .   (no cloak)
rCorr   .          Rampage  .   (gloves unavailable)
Will    .....                   (boots unavailable)
Stlth   +.........              (no amulet)
HPRegen 0.23/turn               h - +6 ring of intelligence
MPRegen 0.15/turn               n - +6 ring of intelligence

@: gold aura
A: large, unfitting armour, tough skin 1
a: Renounce Religion, Potion Petition, Call Merchant, Bribe Branch


You were on level 6 of the Dungeon.
You worshipped Gozag.
Gozag was pleased with you.
You visited 1 branch of the dungeon, and saw 6 of its levels.

You collected 602 gold pieces.
You paid 30 gold pieces to Gozag.

Inventory:

Hand Weapons
 c - a +0 club (weapon)
Armour
 a - a +0 robe (worn)
Jewellery
 h - a +6 ring of intelligence (left hand)
 n - a +6 ring of intelligence (right hand)
Scrolls
 b - 6 scrolls of amnesia
 d - a scroll of vulnerability {unknown}
 g - a scroll of blinking
 i - 2 scrolls of enchant armour
 m - a scroll of fear {unknown}
 q - a scroll of acquirement {unknown}
Potions
 e - a potion of haste {unknown}
 f - a potion of curing {unknown}
 j - a potion of might {unknown}
 k - a potion of berserk rage {unknown}
 l - 3 potions of mutation {unknown}
 o - a potion of degeneration {unknown}
 p - a potion of cancellation {unknown}


   Skills:
 + Level 3.9 Fighting
 + Level 4.5 Dodging
 - Level 1.4 Stealth
 + Level 5.7 Spellcasting
 + Level 4.1 Conjurations
 + Level 5.0 Fire Magic


You had 12 spell levels left.
You knew the following spells:

 Your Spells              Type           Power      Damage    Failure   Level
a - Foxfire               Conj/Fire      100%       2x1d9     1%          1
b - Scorch                Fire           78%        2d9       1%          2
c - Conjure Flame         Conj/Fire      36%        6-21      2%          3

Your spell library contained the following spells:

 Spells                   Type           Power      Damage    Failure   Level
 Inner Flame              Hex/Fire       23%        N/A       6%          3
 Slow                     Hex            8%         N/A       9%          2
 Flame Wave               Conj/Fire      36%        3d8       9%          4
 Confusing Touch          Hex            8%         N/A       16%         3
 Yara's Violent Unravell  Hex/Tmut       4%         3d4       83%         5


Dungeon Overview and Level Annotations

Branches:
Dungeon (6/15)
 Temple: D:4-7

Altars:
Ashenzari
Elyvilon
Gozag
Qazlal
Trog

Shops:
D:2 :   D:5 (


Innate Abilities, Weirdness & Mutations

You are too large for most types of armour.
You have tough skin. (AC +1)


Message History

The wyvern zombie is heavily damaged.
The wyvern zombie is no longer distracted by gold.
The foxfire hits the wyvern zombie.
The wyvern zombie is severely damaged.
The wyvern zombie bites you. x2
Casting: Foxfire (safe; 1% risk of failure)
Confirm with . or Enter, or press ? or * to list all spells.
You conjure some foxfire!
The foxfire hits the wyvern zombie but does no damage.
The wyvern zombie is severely damaged.
The foxfire hits the wyvern zombie.
The wyvern zombie is severely damaged.
The wyvern zombie bites you.
Casting: Foxfire (safe; 1% risk of failure)
Confirm with . or Enter, or press ? or * to list all spells.
You conjure some foxfire!
The foxfire hits the wyvern zombie but does no damage.
The wyvern zombie is severely damaged.
The foxfire hits the wyvern zombie.
The wyvern zombie is almost destroyed.
The wyvern zombie bites you!
Casting: Foxfire (safe; 1% risk of failure)
Confirm with . or Enter, or press ? or * to list all spells.
You conjure some foxfire!
The foxfire hits the wyvern zombie.
The wyvern zombie is almost destroyed.
The foxfire hits the wyvern zombie.
The wyvern zombie is almost destroyed.
The wyvern zombie bites you!
* * * LOW HITPOINT WARNING * * *
You barely miss the wyvern zombie.
The wyvern zombie is almost destroyed.
The foxfire hits the wyvern zombie but does no damage.
The wyvern zombie is almost destroyed.
The foxfire hits the wyvern zombie but does no damage.
The wyvern zombie is almost destroyed.
The wyvern zombie bites you.
* * * LOW HITPOINT WARNING * * *
The wyvern zombie bites you!
You die...
Your body crumbles into a pile of gold.

##..#
#....#.>#
#....##.#
#....##.#
#....##.#
#....##.#
#....##.#
#..ยงยง##.###
+...@..$..#
#...Z####.#
#..... .#
#....#. .
#....... ..
#..!## .. ..
##$. ##. .##
#.. ##


You could see a wyvern zombie.

Vanquished Creatures
  2 sky beasts (D:6)
  A black bear (D:5)
  2 ogres
  A centaur (D:5)
  A wyvern zombie (D:5)
  3 wights (D:6)
  A howler monkey (D:5)
  3 orc priests
  A jelly (D:5)
  A bullfrog skeleton (D:5)
  A gnoll shaman (D:4)
  2 iguanas
  An orc wizard (D:4)
  A hound zombie (D:5)
  8 adders
  3 gnolls (D:4)
  A white imp (D:5)
  An ufetubus (D:5)
  A worm (D:3)
  A dart slug (D:3)
  15 orcs
  6 ball pythons
  2 endoplasms
  2 giant cockroaches
  9 goblins
  7 hobgoblins
  2 jackals (D:1)
  5 quokkas
  5 bats
  3 frilled lizards
  9 kobolds
  5 rats
106 creatures vanquished.

Vanquished Creatures (collateral kills)
  A foxfire (D:2)
1 creature vanquished.

Vanquished Creatures (others)
  491 foxfires
491 creatures vanquished.

Grand Total: 598 creatures vanquished

Notes
Turn   | Place    | Note
-------+----------+-------------------------------------------
     0 | D:1      | KoroneIsBestGirl the Ogre Fire Elementalist began the quest
                  | for the Orb.
     0 | D:1      | Reached XP level 1. HP: 16/16 MP: 3/3
   274 | D:1      | Reached skill level 1 in Conjurations
   402 | D:1      | Reached XP level 2. HP: 24/24 MP: 2/5
   612 | D:1      | Learned a level 2 spell: Scorch
  1252 | D:2      | Reached XP level 3. HP: 31/31 MP: 2/7
  1493 | D:2      | Found a faded altar of an unknown god.
  1700 | D:2      | Found Xurch's Book Emporium.
  2613 | D:3      | Reached XP level 4. HP: 39/39 MP: 5/8
  2709 | D:3      | Found an opulent altar of Gozag.
  2810 | D:3      | Became a worshipper of Gozag Ym Sagoz the Greedy
  3948 | D:3      | Found a white marble altar of Elyvilon.
  4023 | D:3      | Reached XP level 5. HP: 18/45 MP: 2/10
  4291 | D:4      | Learned a level 3 spell: Conjure Flame
  4319 | D:4      | Noticed an ogre
  4324 | D:4      | Killed an ogre
  4388 | D:4      | Reached XP level 6. HP: 49/53 MP: 1/12
  4554 | D:4      | Found a broken altar of Ashenzari.
  5528 | D:4      | Found a stormy altar of Qazlal.
  5730 | D:5      | Entered Level 5 of the Dungeon
  5904 | D:5      | Reached skill level 1 in Fighting
  5904 | D:5      | Reached XP level 7. HP: 62/62 MP: 6/13
  6298 | D:5      | Reached skill level 5 in Spellcasting
  6457 | D:5      | Found a bloodstained altar of Trog.
  7178 | D:5      | Reached XP level 8. HP: 56/75 MP: 8/15
  7362 | D:5      | Found Weets's Firing Range.
  7922 | D:6      | Reached skill level 5 in Fire Magic
  8043 | D:6      | Slain by a wyvern zombie

Illustrated notes

Levels and vault maps discovered:
D:1:      amcnicky_arrival_double_pillar, layout_basic
D:2:      wad_crossroads, layout_basic,
          dreamdust_ecumenical_altar_hidden_monk_grotto, serial_shops, shop,
          minmay_close_crescents
D:3:      layout_rooms, nicolae_gozag_cash_rules_everything_around_me,
          marbit_many_paths, kennysheep_nub, minmay_misc_feat_cross
D:4:      layout_basic, kennysheep_little_box, cheibrodos_ashenzari_chains,
          minmay_misc_feat_room
D:5:      black_bear_nest_1, layout_basic, trog_butcher_becter,
          nicolae_shop_firing_range
D:6:      layout_basic, mainiacjoe_overflow_catch_the_wave,
          minmay_temple_entry_enclosed_plants

Skill      XL: |  1  2  3  4  5  6  7  8 |
---------------+-------------------------+-----
Conjurations   | 1 2 3 4 |  4.1
Dodging        | 2 3 4 |  4.5
Fire Magic     | 3 4 5 |  5.0
Spellcasting   | 3 4 5 |  5.7
Fighting       | 1 3 |  3.9
Stealth        | |  1.4

Action                   |  1- 3 |  4- 6 |  7- 9 || total
-------------------------+-------+-------+-------++-------
Melee: Unarmed           |     8 |       |       ||     8
       Club              |    43 |    42 |     5 ||    90
 Cast: Foxfire           |    93 |   111 |    92 ||   296
       Conjure Flame     |       |     7 |     3 ||    10
       Scorch            |       |     5 |    23 ||    28
  Use: Scroll            |       |       |     3 ||     3
 Stab: Sleeping          |     1 |       |       ||     1
       Distracted        |       |     2 |       ||     2
Armor: Robe              |    23 |    14 |     6 ||    43
Dodge: Dodged            |    45 |    36 |    17 ||    98

Table legend: (Time is in decaauts)
 A = Elapsed time spent in this place.
 B = Non-inter-level travel time spent in this place.
 C = Inter-level travel time spent in this place.
 D = Time resting spent in this place.
 E = Time spent auto-exploring this place.
 F = Levels seen in this place.
 G = Mean time per level.
                   A        B        C        D        E       F      G
               +--------+--------+--------+--------+--------+-----+--------+
         Total |   8070 |   7860 |    210 |    970 |   5993 |   6 | 1345.0 |
       Dungeon |   8070 |   7860 |    210 |    970 |   5993 |   6 | 1345.0 |
               +--------+--------+--------+--------+--------+-----+--------+

Top non-repeatable levels by time:
     D:5: 2021 daAuts
     D:2: 1722 daAuts
     D:3: 1625 daAuts
     D:4: 1447 daAuts
     D:1: 959 daAuts
     D:6: 293 daAuts
